 Dungeon Crawl Stone Soup version 0.27-a0-1321-gd358eaa319 (webtiles) character file.

Game seed: 1726500088068266505

49 Feb132020 the Digger (level 3, -6/19 HPs)
             Began as a Deep Elf Earth Elementalist on June 22, 2021.
             Mangled by a gnoll (8 damage)
             ... on level 2 of the Dungeon.
             The game lasted 00:06:29 (1815 turns).

Feb132020 the Digger (Deep Elf Earth Elementalist)  Turns: 1815, Time: 00:06:30

Health: -6/19      AC:  4    Str:  5    XL:     3   Next: 53%
Magic:  8/10       EV: 12    Int: 19    God:
Gold:   59         SH:  0    Dex: 16    Spells: 3/9 levels left

rFire    . . .     SeeInvis .   a - +0 short sword
rCold    . . .     Faith    .   (no shield)
rNeg     . . .     Spirit   .   b - +0 robe
rPois    .         Reflect  .   h - +1 helmet
rElec    .         Harm     .   (no cloak)
rCorr    .         Rampage  .   (no gloves)
Will     .....                  (no boots)
Stlth    ++........             (no amulet)
HPRegen  0.06/turn              (no ring)
MPRegen  0.12/turn              (no ring)

@: no status effects
A: no striking features
a: no special abilities


You were on level 2 of the Dungeon.
You visited 1 branch of the dungeon, and saw 2 of its levels.

You collected 59 gold pieces.

Inventory:

Hand Weapons
 a - a +0 short sword (weapon)
Missiles
 c - 65 stones
Armour
 b - a +0 robe (worn)
 h - a +1 helmet (worn)
Scrolls
 e - a scroll of fog {unknown}
Potions
 d - a potion of might {unknown}
 f - a potion of haste {unknown}
 g - a potion of berserk rage {unknown}


   Skills:
 + Level 0.1 Fighting
 + Level 0.9 Short Blades
 + Level 2.4 Dodging
 + Level 3.1 Stealth
 + Level 3.8 Spellcasting
 + Level 1.1 Transmutations
 + Level 4.0 Earth Magic


You had 3 spell levels left.
You knew the following spells:

 Your Spells              Type           Power      Damage    Failure   Level
a - Sandblast             Erth           36%        2d10      2%          1
b - Stone Arrow           Conj/Erth      22%        3d8       19%         3
p - Passwall              Tmut/Erth      10%        N/A       8%          2

Your spell library contained the following spells:

 Spells                   Type           Power      Damage    Failure   Level
 Petrify                  Tmut/Erth      13%        N/A       43%         4
 Lee's Rapid Deconstruct  Erth           9%         3d8*      58%         5


Dungeon Overview and Level Annotations

Branches:
Dungeon (2/15)

Altars:


Message History

You are too injured to fight recklessly!
You are too injured to fight recklessly!
You are too injured to fight recklessly!
You are too injured to fight recklessly!
You are too injured to fight recklessly!
You are too injured to fight recklessly!
You are too injured to fight recklessly!
You are too injured to fight recklessly!
You are too injured to fight recklessly!
Unknown command.
The quokka misses you.
The quokka bites you but does no damage.
The quokka bites you.
* * * LOW HITPOINT WARNING * * *
There is a stone staircase leading down, spattered with blood here.
Unknown command.
Unknown command.
Unknown command.
Unknown command.
Casting: Passwall (safe; 8% risk of failure)
Confirm with . or Enter, or press ? or * to list all spells.
Aiming: Sandblast (safe; 2% risk of failure)
Press: ? - help, Shift-Dir - straight line, f - quokka
Aim: a quokka (almost dead, 71% to hit)
The blast of sand misses the quokka.
The blast of sand hits the gnoll.
The gnoll is moderately wounded.
The quokka bites you.
* * * LOW HITPOINT WARNING * * *
Unknown command.
Unknown command.
Unknown command.
Casting: Sandblast (safe; 2% risk of failure)
Confirm with . or Enter, or press ? or * to list all spells.
Aiming: Sandblast (safe; 2% risk of failure)
Press: ? - help, Shift-Dir - straight line, f/p - quokka
Aim: a quokka (almost dead, 71% to hit)
The blast of sand hits the quokka!
You kill the quokka!
The gnoll hits you from afar with a +0 spear!
You die...

#... .. .# .#.
###########.# .# #...#
.......<..#.# .# #.#..
#########@#.# .# #.#..
#.....#.# #+#.# #.#..
#....g#.# #.#.# #....
#....>#.####.#.# #....
#..............# +....
#........###.### #....
#........###.#######..
#.................>...
#........###.#######.#


You could see a gnoll.

Vanquished Creatures
  A dart slug (D:1)
  3 ball pythons
  2 endoplasms (D:1)
  2 giant cockroaches (D:1)
  2 goblins (D:1)
  2 hobgoblins (D:1)
  8 jackals (D:1)
  5 quokkas
  3 bats (D:1)
  4 frilled lizards (D:1)
  2 kobolds
  8 rats (D:1)
42 creatures vanquished.

Notes
Turn   | Place    | Note
-------+----------+-------------------------------------------
     0 | D:1      | Feb132020 the Deep Elf Earth Elementalist began the quest
                  | for the Orb.
     0 | D:1      | Reached XP level 1. HP: 10/10 MP: 6/6
   195 | D:1      | Reached XP level 2. HP: 7/15 MP: 4/8
   355 | D:1      | Learned a level 2 spell: Passwall
  1020 | D:1      | Reached XP level 3. HP: 18/19 MP: 8/10
  1024 | D:1      | Learned a level 3 spell: Stone Arrow
  1519 | D:1      | Reached skill level 4 in Earth Magic
  1815 | D:2      | Mangled by a gnoll

Illustrated notes

Levels and vault maps discovered:
D:1:      dpeg_arrival_short_road, layout_loops_ring,
          chequers_serial_rivers_marsh, st_stairs_9, minivault_26,
          hangedman_decor_clover_reticule, minmay_pentomino_z2
D:2:      layout_basic, ebering_ecumenical_altar_abandoned, roderic_lattice_a,
          minmay_fractal_squares_5

Skill      XL: |  1  2  3 |
---------------+----------+-----
Stealth        | 3 |  3.1
Earth Magic    | 4 |  4.0
Fighting       | |  0.1
Short Blades   | |  0.9
Dodging        | |  2.4
Spellcasting   | |  3.8
Transmutations | |  1.1

Action                   || total
-------------------------++-------
Melee: Short sword       ||    81
 Cast: Sandblast         ||    25
       Passwall          ||     4
 Stab: Sleeping          ||     7
Armor: Robe              ||    21
Dodge: Dodged            ||    51

Table legend: (Time is in decaauts)
 A = Elapsed time spent in this place.
 B = Non-inter-level travel time spent in this place.
 C = Inter-level travel time spent in this place.
 D = Time resting spent in this place.
 E = Time spent auto-exploring this place.
 F = Levels seen in this place.
 G = Mean time per level.
                   A        B        C        D        E       F      G
               +--------+--------+--------+--------+--------+-----+--------+
         Total |   1824 |   1803 |     21 |    169 |   1280 |   2 |  912.0 |
       Dungeon |   1824 |   1803 |     21 |    169 |   1280 |   2 |  912.0 |
               +--------+--------+--------+--------+--------+-----+--------+

Top non-repeatable levels by time:
     D:1: 1741 daAuts
     D:2: 82 daAuts
